 Dungeon Crawl Stone Soup version 0.30-a0-1016-gfb0d676c02 (webtiles) character file.

Game seed: 7414130925803760024

16 gelatine the Chopper (level 2, -1/22 HPs)
             Began as a Demonspawn Gladiator on Apr 6, 2023.
             Slain by a fire bat (9 damage)
             ... on level 1 of the Abyss.
             The game lasted 00:01:54 (572 turns).

gelatine the Chopper (Demonspawn Gladiator)          Turns: 572, Time: 00:01:55

Health: -1/22      AC:  5    Str: 14    XL:     2   Next: 41%
Magic:  2/2        EV: 12    Int:  9    God:
Gold:   43         SH:  0    Dex: 14    Spells: 1/1 levels left

rFire   . . .      SeeInvis .    a - +0 war axe
rCold   . . .      Faith    .    (no shield)
rNeg    . . .      Spirit   .    b - +0 leather armour
rPois   .          Reflect  .    c - +0 helmet
rElec   .          Rampage  .    k - +0 cloak
rCorr   .                        (no gloves)
Will    .....                    (no boots)
Stlth   +                        (no amulet)
HPRegen 0.23/turn                (no ring)
MPRegen 0.08/turn                (no ring)

@: no status effects
A: weakness stinger 1
a: no special abilities


You were on level 1 of the Abyss.
You visited 1 branch of the dungeon, and saw 1 of its levels.
You visited the Abyss 1 time.

You collected 43 gold pieces.

Inventory:

Hand Weapons
 a - a +0 war axe (weapon)
Missiles
 d - 2 throwing nets (quivered)
 e - a javelin
 g - 4 poisoned darts
Armour
 b - a +0 leather armour (worn)
 c - a +0 helmet (worn)
 k - a +0 cloak (worn)
Scrolls
 f - 2 scrolls of noise {unknown}
 h - a scroll of identify {unknown}
Potions
 i - a potion of flight {unknown}
 j - a potion of ambrosia {unknown}


   Skills:
 + Level 2.2 Fighting
 + Level 3.0 Axes
 + Level 2.0 Throwing
 + Level 2.9 Dodging


You had one spell level left.
You didn't know any spells.
Your spell library contained the following spells:

 Spells                   Type           Power      Damage    Failure   Level
 Animate Armour           Summ/Erth      0%         N/A       99%         4
 Blade Hands              Tmut           0%         N/A       100%        5
 Iron Shot                Conj/Erth      0%         9d1       100%        6


Dungeon Overview and Level Annotations

Branches:
Dungeon (1/15)

Altars:


Innate Abilities, Weirdness & Mutations

You have a small tail.


Message History

You start putting on your armour.
You continue putting on your +0 cloak. x4
You finish putting on your +0 cloak.
A giant cockroach comes into view.
You hit the giant cockroach.
The giant cockroach is almost dead.
The giant cockroach bites you. The giant cockroach barely misses you.
You slash the giant cockroach!
You kill the giant cockroach!
You see here a giant cockroach corpse.
A kobold comes into view.
It is wielding a +1 dagger of distortion.
The kobold shouts!
The kobold throws a stone.
The stone hits you but does no damage.
The kobold throws a stone.
The stone hits you. The kobold barely misses you.
You barely miss the kobold.
Your tail-slap misses the kobold.
The kobold hits you but does no damage. Space warps around you.
The kobold hits you but does no damage.
You blink.
The kobold throws a stone.
The stone hits you but does no damage.
The kobold throws a stone.
The stone completely misses you. The kobold hits you but does no damage.
You blink.
The kobold throws a stone.
The stone closely misses you.
The kobold hits you with a +1 dagger of distortion.
Space warps around you.
You barely miss the kobold.
The kobold hits you with a +1 dagger of distortion.
You are cast into the Abyss!
To return, you must find a gate leading back.
Killing monsters will force the Abyss to allow you passage.
This branch contains the abyssal rune of Zot.
Found a gateway leading deeper into the Abyss.
There is a gateway leading deeper into the Abyss here.
An ice beast comes into view.
A small abomination comes into view.
A fire bat comes into view.
A fire bat comes into view.
The fire bat bites you.
You are engulfed in flames!
The fire bat barely misses you. The fire bat attacks as you move away!
The fire bat barely misses you. The fire bat bites you.
You are engulfed in flames!
You die...

~#
..#..#.#.#.#.#
♣~~... . ....#.#
♣~~~ ..#.##.#x##
♣~~≈~♣ ##..##..#
## ~♣≈~~~§b#..##
..#.~~≈~~~≈§..§#
.###~♣~≈≈~~~...#
#≈~~~~~~~#b## #
~≈~~~≈~~@# ..
≈~≈~~≈~≈§#
..#.#~~~~~~~~§
..##~~~≈♣~~~ .#
##.~~~≈~~~
.#..~~~~~~~
.#...# ~~~≈~ ..
#### #~~~≈


You could see a small abomination and 2 fire bats.

Vanquished Creatures
  2 ball pythons (D:1)
  A bat (D:1)
  An endoplasm (D:1)
  A giant cockroach (D:1)
  A goblin (D:1)
  4 jackals (D:1)
  A quokka (D:1)
  2 rats (D:1)
13 creatures vanquished.

Notes
Turn   | Place    | Note
-------+----------+-------------------------------------------
     0 | D:1      | gelatine the Demonspawn Gladiator began the quest for the
                  | Orb.
     0 | D:1      | Reached XP level 1. HP: 16/16 MP: 1/1
   217 | D:1      | Gained mutation: You have a small tail. [demonic ancestry]
   217 | D:1      | Reached XP level 2. HP: 13/22 MP: 2/2
   289 | D:1      | Reached skill level 3 in Axes
   498 | Abyss:1  | Cast into level 1 of the Abyss (kobold)
   515 | Abyss:1  | Noticed a small abomination
   531 | Abyss:1  | Noticed an ice beast
   560 | Abyss:1  | Noticed a small abomination
   568 | Abyss:1  | Noticed a fire bat
   569 | Abyss:1  | Noticed a fire bat
   572 | Abyss:1  | Slain by a fire bat

Illustrated notes

Levels and vault maps discovered:
D:1:      ncdulo_lavacross, layout_loops_cross, dk_noncrumbling_2,
          minmay_hedge_maze
Abyss:1:  base:
Temple

Skill      XL: |  1  2 |
---------------+-------+-----
Throwing       | 2 |  2.0
Axes           | 3 |  3.0
Fighting       | |  2.2
Dodging        | |  2.9

Action                     || total
---------------------------++-------
  Melee: War axe           ||    30
         Tailslap          ||     2
         Punch             ||     1
  Throw: Stone             ||     5
         Throwing net      ||     2
   Stab: Sleeping          ||     1
 Armour: Leather armour    ||    15
  Dodge: Dodged            ||    28

Table legend: (Time is in decaauts)
 A = Elapsed time spent in this place.
 B = Non-inter-level travel time spent in this place.
 C = Inter-level travel time spent in this place.
 D = Time resting spent in this place.
 E = Time spent auto-exploring this place.
 F = Levels seen in this place.
 G = Mean time per level.
                   A        B        C        D        E       F      G
               +--------+--------+--------+--------+--------+-----+--------+
         Total |    582 |    558 |     24 |      0 |    339 |   2 |  291.0 |
       Dungeon |    508 |    484 |     24 |      0 |    339 |   1 |  508.0 |
         Abyss |     74 |     74 |      0 |      0 |      0 |   1 |   74.0 |
               +--------+--------+--------+--------+--------+-----+--------+

Top non-repeatable levels by time:
     D:1: 508 daAuts
 Abyss:1: 74 daAuts
